 Dungeon Crawl Stone Soup version 0.15-a0-895-g19c7863 (console) character file.

4685 Mottled the Grappler (level 10, 0/92 HPs)
             Began as a Troll Fighter on May 19, 2014.
             Was a Believer of the Shining One.
             Slain by an orc
             ... wielding a +0,+0 halberd
              (7 damage)
             ... in a bailey.
             The game lasted 00:16:42 (2696 turns).

Mottled the Grappler (Troll Fighter)                Turns: 2696, Time: 00:16:42

HP   0/92        AC  7     Str 31      XL: 10   Next: 21%
MP   4/4         EV 10     Int  4      God: the Shining One [**....]
Gold 271         SH 23     Dex 12      Spells:  0 memorised,  9 levels left

rFire  . . .     SeeInvis .       - Unarmed
rCold  . . .     Clarity  .     x - +2 robe
rNeg   + . .     Conserve .     c - +0 shield
rPois  .         rCorr    .     (helmet restricted)
rElec  .         rRot     .     (no cloak)
SustAb .         Spirit   .     (gloves unavailable)
rMut   .         Warding  .     (boots unavailable)
Gourm  +         Stasis   .     (no amulet)
MR     .....                    l - ring of regeneration
                                (no ring)

@: mighty, glowing, not resistant to hostile enchantments, very unstealthy
A: unfitting armour, claws 3, fast metabolism 3, gourmand, regeneration 2,
saprovore 2, shaggy fur 1, tough skin 2
a: Divine Shield, Renounce Religion


You were in a bailey.
You worshipped the Shining One.
The Shining One was pleased with you.
You were very full.

You visited 1 branch of the dungeon, and saw 10 of its levels.
You also visited: Bailey.

You collected 271 gold pieces.

Inventory:

Hand weapons
 i - a +0 blowgun
 o - a +1,+2 flail of protection
 z - a +1 blowgun
Missiles
 B - 2 throwing nets (quivered)
Armour
 c - a +0 shield (worn)
 x - a +2 robe (worn)
Magical devices
 m - a wand of paralysis (10)
 p - a wand of magic darts (15)
 F - a wand of invisibility (5)
 K - a wand of polymorph (4)
 L - a wand of random effects (9)
Comestibles
 a - 5 meat rations
 d - 2 chunks of orc flesh
 h - 2 apples
 n - 6 bread rations
 C - 6 beef jerkies
 E - 10 sultanas
Scrolls
 f - 2 scrolls of remove curse {unknown}
 k - 2 scrolls of recharging {unknown}
 s - 2 scrolls of noise {unknown}
 u - 5 scrolls of teleportation {unknown}
 v - 3 scrolls of magic mapping {unknown}
 w - a scroll of enchant weapon II {unknown}
 y - a scroll of enchant armour {unknown}
 D - a scroll of random uselessness {unknown}
Jewellery
 l - a ring of regeneration (right claw)
 H - an uncursed ring of flight
 J - an uncursed ring of ice
Potions
 b - a potion of brilliance
 e - 6 potions of might
 g - a potion of invisibility
 j - 7 potions of curing {unknown}
 q - 3 potions of restore abilities
 r - a potion of resistance
 t - 2 potions of haste {unknown}
 G - a potion of heal wounds
 I - a potion of magic {unknown}
 M - a potion of lignification {unknown}
 N - a potion of berserk rage {unknown}
Magical staves
 A - an uncursed staff of wizardry {unknown}


   Skills:
 * Level 3.9 Fighting
 - Level 2.4 Dodging
 + Level 7.7 Shields
 + Level 11.6 Unarmed Combat


You had 9 spell levels left.
You didn't know any spells.

Dungeon Overview and Level Annotations

Branches:
Dungeon (10/15)              Lair (0/8) D:10
 Temple: D:4-7          Orc: D:9-12

Altars:
Cheibriados
Makhleb
Vehumet
Yredelemnul
The Shining One

Shops:
D:7 %


Innate Abilities, Weirdness & Mutations

You are too large for most types of armour.
You have claws for hands.
Your metabolism is lightning-fast.
You like to eat raw meat.
You heal very quickly.
You can eat rotten meat.
You are covered in fur (AC +1).
You have very tough skin (AC +2).


Message History

You block the orc knight's attack. The orc closely misses you.
You claw the orc knight!
You kill the orc knight!
You block the orc knight's attack.
You claw the orc!
You kill the orc!
You block the orc's attack. The orc knight hits you with a halberd!
You block the orc's attack. The orc closely misses you.
There is an open door, spattered with blood here.
Items here: %%%%% )))))))) [[[ You mangle the orc knight!!
The orc knight begins to bleed from its wounds!
The orc knight is heavily wounded.
The orc knight hits you with a halberd!
* * * LOW HITPOINT WARNING * * *
The orc warrior hits you from afar with a halberd!
* * * LOW HITPOINT WARNING * * *
The orc hits you with a halberd!
You die...

####### ############
#####.....## ##........∩.##
...#.......######............#
...'.......#...o#............#
o..'.....))))o.o@).......%))∩#
...'......)#.ooo#.......%%)..#
...#.......######........[)))#
#####.....## ##.......[∩.##
####### ############


You could see an orc knight (bleeding), 2 orc warriors and 3 orcs.

Vanquished Creatures
  An orc knight (Bailey)
  A troll (D:10)
  A deep elf mage (D:10)
  5 yaks (D:10)
  Edmund (D:5)
  7 orc warriors (Bailey)
  A black bear (D:10)
  3 ogres
  16 big kobolds (D:8)
  3 giant frogs
  Blork the orc (D:7)
  2 scorpions
  3 wights (D:8)
  An electric eel (D:8)
  A crimson imp (D:7)
  A hound (D:7)
  A gnoll shaman (D:5)
  4 iguanas
  3 worker ants
  2 orc wizards (D:9)
  A sky beast zombie (D:10)
  Ijyb (D:3)
  An ogre skeleton (D:8)
  10 gnolls
  4 adders
  A giant mite (D:6)
  A shadow imp (D:8)
  2 worms
  An orc zombie (D:7)
  A giant gecko (D:9)
  3 oozes
  24 orcs
  2 goblins
  A hobgoblin (D:10)
  4 jackals
  21 kobolds
  6 quokkas
  3 bats
  2 giant cockroaches
  A giant newt (D:6)
  3 rats
151 creatures vanquished.

Notes
Turn   | Place    | Note
--------------------------------------------------------------
     0 | D:1      | Mottled, the Troll Fighter, began the quest for the Orb.
     0 | D:1      | Reached XP level 1. HP: 22/22 MP: 1/1
   189 | D:3      | Reached XP level 2. HP: 26/29 MP: 1/1
   253 | D:4      | Reached skill level 3 in Unarmed Combat
   253 | D:4      | Reached XP level 3. HP: 18/36 MP: 2/2
   311 | D:3      | Found a snail-covered altar of Cheibriados.
   377 | D:4      | Reached skill level 4 in Unarmed Combat
   392 | D:4      | Got a twisted whip
   393 | D:4      | Identified the +3,+5 whip of Intuition {pain, Str+2} (You found it on level 4 of the Dungeon)
   399 | D:4      | Found a burning altar of Makhleb.
   401 | D:4      | Found a radiant altar of Vehumet.
   402 | D:4      | Found a glowing golden altar of the Shining One.
   407 | D:4      | Became a worshipper of the Shining One
   521 | D:4      | Noticed Ijyb
   541 | D:3      | Reached XP level 4. HP: 39/44 MP: 2/2
   546 | D:3      | Killed Ijyb
   566 | D:3      | Reached skill level 5 in Unarmed Combat
   611 | D:4      | Reached XP level 5. HP: 45/50 MP: 2/2
   681 | D:5      | Entered Level 5 of the Dungeon
   814 | D:5      | Reached skill level 6 in Unarmed Combat
   903 | D:5      | Noticed Edmund
   915 | D:5      | Reached XP level 6. HP: 56/59 MP: 3/3
   919 | D:5      | Killed Edmund
   919 | D:5      | Reached skill level 7 in Unarmed Combat
  1069 | D:6      | Found a basalt altar of Yredelemnul.
  1116 | D:7      | Reached XP level 7. HP: 62/66 MP: 3/3
  1158 | D:7      | Reached skill level 8 in Unarmed Combat
  1222 | D:7      | Noticed Blork the orc
  1230 | D:7      | Killed Blork the orc
  1526 | D:7      | Found Tythankada's Food Shop.
  1559 | D:8      | Acquired the Shining One's first power
  1574 | D:8      | Reached skill level 9 in Unarmed Combat
  1691 | D:8      | Reached XP level 8. HP: 61/74 MP: 3/3
  1795 | D:8      | Reached skill level 10 in Unarmed Combat
  2039 | D:8      | Reached skill level 5 in Shields
  2039 | D:8      | Reached XP level 9. HP: 59/80 MP: 4/4
  2211 | D:10     | Entered Level 10 of the Dungeon
  2250 | D:10     | Reached skill level 11 in Unarmed Combat
  2309 | D:10     | Found a staircase to the Lair.
  2359 | D:10     | Found a flagged portal.
  2416 | Bailey   | Entered a bailey
  2543 | Bailey   | Reached XP level 10. HP: 42/89 MP: 4/4
  2652 | Bailey   | Noticed an orc knight
  2652 | Bailey   | Noticed an orc knight
  2654 | Bailey   | Acquired the Shining One's second power
  2693 | Bailey   | Killed an orc knight
  2696 | Bailey   | Slain by an orc

Action                   |  1- 3 |  4- 6 |  7- 9 | 10-12 || total
-------------------------+-------+-------+-------+-------++-------
Melee: Unarmed           |    55 |    74 |   274 |    28 ||   431
Evoke: Wand              |       |       |     5 |       ||     5
  Use: Scroll            |       |       |     5 |       ||     5
       Potion            |       |       |       |     1 ||     1
 Stab: Sleeping          |       |     1 |       |       ||     1
